Coyotes vs Kings
(R1)
Created - 9 février 2015 at 19:10
Goals
|
| Coyotes |
0 |
1 |
1 |
0 |
2 |
| Kings |
0 |
0 |
2 |
1 |
3 |
|
Shots
|
| Coyotes |
7 |
12 |
8 |
0 |
27 |
| Kings |
8 |
9 |
18 |
2 |
37 |
|
1st period
No Goal
Penalties :
Milan Michalek (LAK) for Slashing (Minor) at 8:20
2nd period
1. Coyotes , Saku Koivu 14 (Erik Christensen, Adrian Aucoin) at 1:01 (PP)
Penalties :
Oliver Ekman-Larsson (LAK) for Tripping (Minor) at 0:23, Joe Sakic (LAK) for Roughing (Minor) at 5:16, Nathan Dempsey (LAK) for Holding (Minor) at 15:53
3rd period
2. Coyotes , Erik Christensen 14 (Saku Koivu, Chris Stewart) at 14:07 (PP)
3. Kings , Milan Michalek 20 (Anze Kopitar, Patric Hornqvist) at 15:37
4. Kings , Jonas Hoglund 19 (Marc-Édouard Vlasic, Brandon Dubinsky) at 15:57
Penalties :
Anton Stralman (Ari) for Hooking (Minor) at 2:33, Anton Stralman (Ari) for Roughing (Minor) at 5:54, Anze Kopitar (LAK) for High sticking (Minor) at 12:47, Saku Koivu (Ari) for Roughing (Minor) at 16:00
Overtime #1
5. Kings , Joe Sakic 18 (Patric Hornqvist) at 2:10
Penalties :
No Penalty
Goalie Stats
Ryan Miller (Ari), 34 saves from 37 shots - (0,919), OTL, 28-10-6, 62:10 minutes
Jonathan Bernier (LAK), 25 saves from 27 shots - (0,926), W, 8-8-2, 62:10 minutes
Players Stats for Coyotes
Player Name G A P +/- PIM S H SB GA TA FO MP PP MP PK MP
------------------------------------------------------------------------------------
Adrian Aucoin 0 1 1 -1 0 0 1 0 0 0 0/0 20:41 3:39 0:44
Andy Sutton 0 0 0 -1 0 1 0 0 0 0 0/0 16:33 0:00 3:55
Anton Stralman 0 0 0 -1 4 1 1 1 0 0 0/0 22:50 4:16 0:55
Chad Larose 0 0 0 0 0 2 0 1 1 0 1/1 15:32 0:03 3:19
Chris Stewart 0 1 1 -1 0 0 1 0 0 0 0/0 15:53 3:47 0:00
Denis Grebeshkov 0 0 0 -2 0 2 1 1 0 1 0/0 25:41 3:39 2:40
Drew Miller 0 0 0 -1 0 1 0 1 1 1 2/4 20:02 0:00 3:23
Erik Christensen 1 1 2 0 0 1 1 0 0 0 1/2 11:57 3:50 0:15
Erik Cole 0 0 0 -1 0 4 3 1 0 0 0/0 14:19 0:00 2:19
Frans Nielsen 0 0 0 0 0 2 2 0 1 0 3/10 14:18 0:04 2:19
Kurt Sauer 0 0 0 -1 0 2 0 0 3 0 0/0 22:34 0:00 3:40
Marian Gaborik 0 0 0 -2 0 2 2 0 1 0 1/2 21:00 4:05 0:00
Saku Koivu 1 1 2 -1 2 3 3 0 0 0 5/10 15:43 3:46 0:00
Sami Kapanen 0 0 0 0 0 2 0 0 0 0 0/0 10:48 4:16 0:00
Sergei Gonchar 0 0 0 0 0 0 0 1 0 2 0/0 11:10 0:00 0:00
Shawn Thornton 0 0 0 0 0 0 2 0 0 0 0/0 7:56 0:00 0:19
Tim Connolly 0 0 0 -2 0 2 3 0 0 0 14/31 20:42 4:05 0:00
Tyler Ennis 0 0 0 0 0 2 0 0 1 0 1/1 15:01 4:05 0:00
Players Stats for Kings
Player Name G A P +/- PIM S H SB GA TA FO MP PP MP PK MP
------------------------------------------------------------------------------------
Anze Kopitar 0 1 1 1 2 2 1 1 1 0 17/26 22:39 2:53 2:00
Boyd Devereaux 0 0 0 0 0 0 1 0 0 0 3/3 11:15 0:00 2:35
Brandon Dubinsky 0 1 1 1 0 3 1 1 0 0 3/11 9:06 0:00 0:00
Jamie Benn 0 0 0 1 0 0 1 0 0 0 0/0 14:33 3:04 1:14
Joe Sakic 1 0 1 1 2 1 4 0 0 0 9/15 16:02 0:00 3:31
Jonas Hoglund 1 0 1 1 0 1 1 1 1 0 0/0 14:48 0:00 4:44
Jordan Eberle 0 0 0 0 0 2 1 0 0 0 0/0 15:57 2:53 0:00
Kristopher Letang 0 0 0 1 0 2 0 3 0 2 0/0 27:52 3:14 3:03
Marc-Édouard Vlasic 0 1 1 2 0 2 1 0 0 3 0/0 20:56 2:43 1:00
Mikkel Boedker 0 0 0 0 0 4 1 0 1 0 0/0 14:25 2:53 0:00
Milan Michalek 1 0 1 1 2 4 1 0 0 1 1/5 19:39 3:04 0:00
Nathan Dempsey 0 0 0 1 2 1 0 0 0 1 0/0 20:05 0:00 3:22
Nikolai Kulemin 0 0 0 0 0 0 0 0 0 0 0/0 8:18 0:00 0:00
Oliver Ekman-Larsson 0 0 0 1 2 4 3 0 0 0 0/0 23:42 3:14 0:30
Patric Hornqvist 0 2 2 2 0 5 2 1 0 1 0/1 19:49 3:04 0:00
Pernell Karl Subban 0 0 0 0 0 0 0 1 0 0 0/0 17:18 2:43 3:33
Randy Jones 0 0 0 1 0 1 0 0 0 0 0/0 14:26 0:00 4:22
Tyler Kennedy 0 0 0 0 0 5 1 0 1 0 0/0 9:50 0:00 1:46
3 Stars
1 - Patric Hornqvist (LAK)
2 - Erik Christensen (Ari)
3 - Jonas Hoglund (LAK)
Power Play
Coyotes - 2 on 5 Attempt(s) - 40,00%
Kings - 0 on 3 Attempt(s) - 0,00%
Penalty Kill
Coyotes - 3 on 3 Attempt(s) - 100,00%
- Score 0 goal in Penalty Kill
Kings - 3 on 5 Attempt(s) - 60,00%
- Score 0 goal in Penalty Kill
Team Stat
Coyotes - Hits : 20 - Faceoff Wins : 28 - Blocked Shots : 6 - Penalty Minutes : 6
Kings - Hits : 19 - Faceoff Wins : 33 - Blocked Shots : 8 - Penalty Minutes : 10
Official
Referees : Morton Dean and Ciamaga Chris
Linesman : Mike Cvik and Brad Lazarowich
Game Notes
No Game Note
Finance
Level 1 -- Attendance: 5242 (87,37%) -- Ticket Income 393 150 $
Level 2 -- Attendance: 4781 (95,62%) -- Ticket Income 239 050 $
Level 3 -- Attendance: 1679 (83,95%) -- Ticket Income 50 370 $
Level 4 -- Attendance: 3596 (89,90%) -- Ticket Income 71 920 $
Luxury Box -- Attendance: 944 (94,40%) -- Ticket Income 127 440 $
Game was played at the Staples Center'
Total Attendance: 16242 (90,23%)
Total Ticket Income: 881 930 $
Other Income: 132 290 $
Total Income: 1 014 220 $
Coyotes
5 vs 5 Forward
Center Left Wing Right Wing Time % Phy DF OF
1 Tim Connolly Drew Miller Marian Gaborik 36 0 2 3
2 Frans Nielsen Tyler Ennis Chad Larose 28 1 2 2
3 Saku Koivu Erik Cole Chris Stewart 26 1 1 3
4 Erik Christensen Shawn Thornton Sami Kapanen 10 2 2 1
5 vs 5 Defense
Defense Defense Time % Phy DF OF
1 Denis Grebeshkov Kurt Sauer 38 0 3 2
2 Adrian Aucoin Anton Stralman 36 1 3 1
3 Sergei Gonchar Andy Sutton 25 1 3 1
4 Anton Stralman Denis Grebeshkov 1 1 1 3
PowerPlay Forward
Center Left Wing Right Wing Time % Phy DF OF
1 Tim Connolly Tyler Ennis Marian Gaborik 57 0 0 5
2 Saku Koivu Erik Christensen Chris Stewart 43 0 0 5
PowerPlay Defense
Defense Defense Time % Phy DF OF
1 Denis Grebeshkov Adrian Aucoin 57 0 0 5
2 Anton Stralman Sami Kapanen 43 0 0 5
Penalty Kill 4 Players Forward
Center Wing Time % Phy DF OF
1 Drew Miller Chad Larose 56 0 5 0
2 Frans Nielsen Erik Cole 44 0 5 0
Penalty Kill 4 Players Defense
Defense Defense Time % Phy DF OF
1 Kurt Sauer Andy Sutton 56 0 5 0
2 Anton Stralman Denis Grebeshkov 44 0 5 0
Penalty Kill - 3 Players Forward
Forward Time % Phy DF OF
1 Drew Miller 53 0 5 0
2 Chad Larose 47 0 5 0
Penalty Kill - 3 Players Defense
Defense Defense Time % Phy DF OF
1 Andy Sutton Kurt Sauer 53 0 5 0
2 Anton Stralman Denis Grebeshkov 47 0 5 0
4 vs 4 Forward
Center Wing Time % Phy DF OF
1 Tim Connolly Marian Gaborik 52 0 1 4
2 Frans Nielsen Drew Miller 48 0 2 3
4 vs 4 Defense
Defense Defense Time % Phy DF OF
1 Kurt Sauer Anton Stralman 52 1 2 2
2 Denis Grebeshkov Andy Sutton 48 1 2 2
Last Minutes Offensive
Center Left Wing Right Wing Defense Defense
Tim Connolly Tyler Ennis Marian Gaborik Denis Grebeshkov Anton Stralman
Last Minutes Defensive
Center Left Wing Right Wing Defense Defense
Drew Miller Erik Cole Chad Larose Kurt Sauer Anton Stralman
Goaltenders
Starting : Ryan Miller
Backup : Marc Denis
Extra Forwards
Normal : Marian Gaborik, Tyler Ennis, Chris Stewart - PP : Marian Gaborik, Chris Stewart - PK : Drew Miller
Extra Defensemen
Normal : Denis Grebeshkov, Kurt Sauer, Anton Stralman - PP : Denis Grebeshkov - PK : Andy Sutton, Kurt Sauer
Penalty Shots
Marian Gaborik, Tyler Ennis, Chad Larose, Drew Miller, Tim Connolly
Kings
5 vs 5 Forward
Center Left Wing Right Wing Time % Phy DF OF
1 Anze Kopitar Milan Michalek Patric Hornqvist 40 1 1 3
2 Joe Sakic Mikkel Boedker Jordan Eberle 30 1 1 3
3 Brandon Dubinsky Jamie Benn Jonas Hoglund 25 1 3 1
4 Boyd Devereaux Nikolai Kulemin Tyler Kennedy 5 1 4 0
5 vs 5 Defense
Defense Defense Time % Phy DF OF
1 Oliver Ekman-Larsson Kristopher Letang 40 0 2 3
2 Nathan Dempsey Marc-Édouard Vlasic 35 0 3 2
3 Randy Jones Pernell Karl Subban 20 2 2 1
4 Oliver Ekman-Larsson Kristopher Letang 5 2 2 1
PowerPlay Forward
Center Left Wing Right Wing Time % Phy DF OF
1 Anze Kopitar Mikkel Boedker Jordan Eberle 55 0 2 3
2 Milan Michalek Jamie Benn Patric Hornqvist 45 0 2 3
PowerPlay Defense
Defense Defense Time % Phy DF OF
1 Oliver Ekman-Larsson Kristopher Letang 60 0 1 4
2 Pernell Karl Subban Marc-Édouard Vlasic 40 0 1 4
Penalty Kill 4 Players Forward
Center Wing Time % Phy DF OF
1 Joe Sakic Jonas Hoglund 60 0 4 1
2 Boyd Devereaux Tyler Kennedy 40 0 4 1
Penalty Kill 4 Players Defense
Defense Defense Time % Phy DF OF
1 Randy Jones Nathan Dempsey 60 1 4 0
2 Pernell Karl Subban Kristopher Letang 40 1 4 0
Penalty Kill - 3 Players Forward
Forward Time % Phy DF OF
1 Boyd Devereaux 60 0 4 1
2 Anze Kopitar 40 0 4 1
Penalty Kill - 3 Players Defense
Defense Defense Time % Phy DF OF
1 Randy Jones Nathan Dempsey 60 1 4 0
2 Pernell Karl Subban Kristopher Letang 40 1 4 0
4 vs 4 Forward
Center Wing Time % Phy DF OF
1 Anze Kopitar Jordan Eberle 60 1 2 2
2 Joe Sakic Patric Hornqvist 40 1 2 2
4 vs 4 Defense
Defense Defense Time % Phy DF OF
1 Nathan Dempsey Kristopher Letang 60 1 2 2
2 Randy Jones Marc-Édouard Vlasic 40 1 2 2
Last Minutes Offensive
Center Left Wing Right Wing Defense Defense
Anze Kopitar Mikkel Boedker Patric Hornqvist Pernell Karl Subban Kristopher Letang
Last Minutes Defensive
Center Left Wing Right Wing Defense Defense
Anze Kopitar Mikkel Boedker Jonas Hoglund Pernell Karl Subban Kristopher Letang
Goaltenders
Starting : Jonathan Bernier
Backup : Ray Emery
Extra Forwards
Normal : Anze Kopitar, Jamie Benn, Jordan Eberle - PP : Nikolai Kulemin, Brandon Dubinsky - PK : Anze Kopitar
Extra Defensemen
Normal : Pernell Karl Subban, Kristopher Letang, Oliver Ekman-Larsson - PP : Nathan Dempsey - PK : Marc-Édouard Vlasic, Oliver Ekman-Larsson
Penalty Shots
Anze Kopitar, Patric Hornqvist, Mikkel Boedker, Milan Michalek, Nikolai Kulemin
% Time on Ice - Coyotes
Lines # - Real PCT - Wanted PCT - Time Play
Normal Forward
1 - 36% - 36% - 16:40
2 - 24% - 28% - 11:05
3 - 26% - 26% - 12:00
4 - 14% - 10% - 6:23
Normal Defense
1 - 39% - 38% - 18:07
2 - 35% - 36% - 16:14
3 - 26% - 25% - 11:47
4 - 0% - 1% - 0:00
PP Forward
1 - 52% - 57% - 4:05
2 - 48% - 43% - 3:50
PP Defense
1 - 46% - 57% - 3:39
2 - 54% - 43% - 4:16
PK Forward
1 - 61% - 56% - 3:38
2 - 39% - 44% - 2:19
PK Defense
1 - 55% - 56% - 3:17
2 - 45% - 44% - 2:40
PK3 Forward
1 - 0% - 53%
2 - 0% - 47%
PK3 Defense
1 - 0% - 53%
2 - 0% - 47%
44 Forward
1 - 68% - 52% - 1:28
2 - 32% - 48% - 0:42
44 Defense
1 - 52% - 52% - 1:08
2 - 48% - 48% - 1:02
Last Minute Offensive - 0:00
Last Minute Defensive - 0:00
Total
Forward - 62:10
Defense - 62:10
|
% Time on Ice - Kings
Lines # - Real PCT - Wanted PCT - Time Play
Normal Forward
1 - 38% - 40% - 17:20
2 - 26% - 30% - 11:47
3 - 20% - 25% - 9:06
4 - 17% - 5% - 7:55
Normal Defense
1 - 43% - 40% - 19:41
2 - 37% - 35% - 16:54
3 - 19% - 20% - 8:51
4 - 2% - 5% - 0:42
PP Forward
1 - 48% - 55% - 2:53
2 - 52% - 45% - 3:04
PP Defense
1 - 54% - 60% - 3:14
2 - 46% - 40% - 2:43
PK Forward
1 - 78% - 60% - 6:09
2 - 22% - 40% - 1:46
PK Defense
1 - 61% - 60% - 4:52
2 - 39% - 40% - 3:03
PK3 Forward
1 - 0% - 60%
2 - 0% - 40%
PK3 Defense
1 - 0% - 60%
2 - 0% - 40%
44 Forward
1 - 78% - 60% - 1:42
2 - 22% - 40% - 0:28
44 Defense
1 - 68% - 60% - 1:29
2 - 32% - 40% - 0:41
Last Minute Offensive - 0:00
Last Minute Defensive - 0:00
Total
Forward - 62:10
Defense - 62:10
|
Play by Play
1st period
0:01 of 1st period - Tim Connolly wins face-off versus Patric Hornqvist in neutral zone.
0:28 of 1st period - Wrist shot by Erik Cole.
0:28 of 1st period - Stopped by Jonathan Bernier without a rebound.
0:29 of 1st period - Joe Sakic wins face-off versus Saku Koivu in Kings zone.
0:43 of 1st period - Erik Cole is hit by Jordan Eberle and loses puck.
0:59 of 1st period - Slapshot by Marc-Édouard Vlasic.
0:59 of 1st period - Shot Blocked by Sergei Gonchar.
1:19 of 1st period - Randy Jones is hit by Shawn Thornton and loses puck.
2:02 of 1st period - Snap shot by Erik Cole.
2:02 of 1st period - Stopped by Jonathan Bernier without a rebound.
2:03 of 1st period - Joe Sakic wins face-off versus Saku Koivu in Kings zone.
2:03 of 1st period - Joe Sakic is hit by Saku Koivu.
2:11 of 1st period - Snap shot by Joe Sakic.
2:11 of 1st period - Shot Misses the Net.
2:13 of 1st period - Slapshot by Randy Jones.
2:13 of 1st period - Shot Misses the Net.
2:17 of 1st period - Snap shot by Joe Sakic.
2:17 of 1st period - Shot Misses the Net.
2:41 of 1st period - Wrist shot by Mikkel Boedker.
2:41 of 1st period - Stopped by Ryan Miller without a rebound.
2:42 of 1st period - Frans Nielsen wins face-off versus Brandon Dubinsky in Coyotes zone.
3:41 of 1st period - Snap shot by Sami Kapanen.
3:41 of 1st period - Shot Misses the Net.
4:36 of 1st period - Snap shot by Milan Michalek.
4:36 of 1st period - Deflect By Patric Hornqvist.
4:36 of 1st period - Stopped by Ryan Miller with a rebound.
4:44 of 1st period - Oliver Ekman-Larsson is hit by Tim Connolly and loses puck.
5:38 of 1st period - Icing by Nathan Dempsey.
5:39 of 1st period - Saku Koivu wins face-off versus Joe Sakic in Kings zone.
5:54 of 1st period - Slapshot by Marc-Édouard Vlasic.
5:54 of 1st period - Stopped by Ryan Miller with a rebound.
6:11 of 1st period - Snap shot by Milan Michalek.
6:11 of 1st period - Stopped by Ryan Miller with a rebound.
6:48 of 1st period - Jamie Benn is hit by Frans Nielsen and loses puck.
6:55 of 1st period - Slapshot by Tyler Ennis.
6:55 of 1st period - Shot Blocked by Brandon Dubinsky.
6:57 of 1st period - Slapshot by Andy Sutton.
6:57 of 1st period - Stopped by Jonathan Bernier without a rebound.
6:58 of 1st period - Frans Nielsen wins face-off versus Anze Kopitar in Kings zone.
7:25 of 1st period - Joe Sakic is hit by Erik Cole.
8:15 of 1st period - Snap shot by Saku Koivu.
8:15 of 1st period - Stopped by Jonathan Bernier with a rebound.
8:17 of 1st period - Wrist shot by Kurt Sauer.
8:17 of 1st period - Stopped by Jonathan Bernier without a rebound.
8:18 of 1st period - Anze Kopitar wins face-off versus Tim Connolly in Kings zone.
8:20 of 1st period - Minor Penalty to Milan Michalek for Slashing.
8:21 of 1st period - Tim Connolly wins face-off versus Joe Sakic in Kings zone.
8:21 of 1st period - Snap shot by Marian Gaborik.
8:21 of 1st period - Shot Misses the Net.
10:20 of 1st period - Penalty to Milan Michalek is over, Milan Michalek is back on ice.
10:40 of 1st period - Wrist shot by Jamie Benn.
10:40 of 1st period - Shot Misses the Net.
11:51 of 1st period - Snap shot by Brandon Dubinsky.
11:51 of 1st period - Stopped by Ryan Miller without a rebound.
11:52 of 1st period - Saku Koivu wins face-off versus Brandon Dubinsky in Coyotes zone.
13:26 of 1st period - Pernell Karl Subban is hit by Erik Christensen and loses puck.
13:46 of 1st period - Marian Gaborik is hit by Joe Sakic and loses puck.
14:59 of 1st period - Slapshot by Jordan Eberle.
14:59 of 1st period - Shot Misses the Net.
15:01 of 1st period - Snap shot by Jordan Eberle.
15:01 of 1st period - Shot Misses the Net.
15:03 of 1st period - Wrist shot by Joe Sakic.
15:03 of 1st period - Deflect By Andy Sutton.
15:03 of 1st period - Shot Misses the Net.
15:03 of 1st period - Puck is out of play.
15:04 of 1st period - Anze Kopitar wins face-off versus Tim Connolly in Coyotes zone.
15:41 of 1st period - Wrist shot by Chad Larose.
15:41 of 1st period - Stopped by Jonathan Bernier with a rebound.
15:53 of 1st period - Erik Cole is hit by Brandon Dubinsky and loses puck.
16:25 of 1st period - Wrist shot by Sami Kapanen.
16:25 of 1st period - Stopped by Jonathan Bernier without a rebound.
16:26 of 1st period - Boyd Devereaux wins face-off versus Tim Connolly in Kings zone.
16:35 of 1st period - Slapshot by Tyler Kennedy.
16:35 of 1st period - Stopped by Ryan Miller with a rebound.
16:37 of 1st period - Slapshot by Randy Jones.
16:37 of 1st period - Deflect By Marian Gaborik.
16:37 of 1st period - Stopped by Ryan Miller with a rebound.
16:39 of 1st period - Slapshot by Tyler Kennedy.
16:39 of 1st period - Shot Misses the Net.
17:22 of 1st period - Slapshot by Tyler Ennis.
17:22 of 1st period - Shot Blocked by Kristopher Letang.
17:24 of 1st period - Slapshot by Adrian Aucoin.
17:24 of 1st period - Shot Misses the Net.
18:27 of 1st period - Off-side.
18:28 of 1st period - Tim Connolly wins face-off versus Joe Sakic in neutral zone.
18:31 of 1st period - Slapshot by Adrian Aucoin.
18:31 of 1st period - Shot Blocked by Pernell Karl Subban.
18:41 of 1st period - Snap shot by Mikkel Boedker.
18:41 of 1st period - Shot Blocked by Anton Stralman.
19:24 of 1st period - Snap shot by Marc-Édouard Vlasic.
19:24 of 1st period - Stopped by Ryan Miller without a rebound.
19:25 of 1st period - Joe Sakic wins face-off versus Saku Koivu in Coyotes zone.
19:28 of 1st period - Slapshot by Jordan Eberle.
19:28 of 1st period - Shot Blocked by Denis Grebeshkov.
19:34 of 1st period - Saku Koivu is hit by Oliver Ekman-Larsson and loses puck.
19:51 of 1st period - Kurt Sauer is hit by Jonas Hoglund and loses puck.
Goals for this period are 0 for Coyotes vs 0 for Kings.
Shots for this period are 7 for Coyotes vs 8 for Kings.
2nd period
0:01 of 2nd period - Anze Kopitar wins face-off versus Tim Connolly in neutral zone.
0:15 of 2nd period - Wrist shot by Marian Gaborik.
0:15 of 2nd period - Shot Misses the Net.
0:23 of 2nd period - Minor Penalty to Oliver Ekman-Larsson for Tripping.
0:24 of 2nd period - Tim Connolly wins face-off versus Joe Sakic in Kings zone.
0:27 of 2nd period - Wrist shot by Marian Gaborik.
0:27 of 2nd period - Shot Blocked by Jonas Hoglund.
1:01 of 2nd period - Snap shot by Saku Koivu.
1:01 of 2nd period - Goal by Saku Koivu - Coyotes : 1 - Kings : 0.
1:02 of 2nd period - Anze Kopitar wins face-off versus Tim Connolly in neutral zone.
1:29 of 2nd period - Anze Kopitar is hit by Erik Cole and loses puck.
1:36 of 2nd period - Snap shot by Erik Cole.
1:36 of 2nd period - Shot Misses the Net.
1:46 of 2nd period - Anze Kopitar is hit by Chris Stewart.
1:55 of 2nd period - Milan Michalek is hit by Saku Koivu and loses puck.
2:00 of 2nd period - Wrist shot by Saku Koivu.
2:00 of 2nd period - Shot Misses the Net.
2:02 of 2nd period - Backhand shot by Sergei Gonchar.
2:02 of 2nd period - Deflect By Saku Koivu.
2:02 of 2nd period - Stopped by Jonathan Bernier without a rebound.
2:03 of 2nd period - Joe Sakic wins face-off versus Tim Connolly in Kings zone.
2:33 of 2nd period - Off-side.
2:34 of 2nd period - Brandon Dubinsky wins face-off versus Frans Nielsen in neutral zone.
2:39 of 2nd period - Slapshot by Jamie Benn.
2:39 of 2nd period - Shot Misses the Net.
2:53 of 2nd period - Snap shot by Frans Nielsen.
2:53 of 2nd period - Shot Misses the Net.
2:55 of 2nd period - Slapshot by Anton Stralman.
2:55 of 2nd period - Shot Misses the Net.
2:59 of 2nd period - Snap shot by Frans Nielsen.
2:59 of 2nd period - Stopped by Jonathan Bernier with a rebound.
3:01 of 2nd period - Snap shot by Chad Larose.
3:01 of 2nd period - Stopped by Jonathan Bernier without a rebound.
3:02 of 2nd period - Anze Kopitar wins face-off versus Tim Connolly in Kings zone.
3:37 of 2nd period - Snap shot by Joe Sakic.
3:37 of 2nd period - Shot Misses the Net.
3:39 of 2nd period - Wrist shot by Jordan Eberle.
3:39 of 2nd period - Shot Misses the Net.
3:41 of 2nd period - Wrist shot by Jordan Eberle.
3:41 of 2nd period - Stopped by Ryan Miller without a rebound.
3:42 of 2nd period - Joe Sakic wins face-off versus Frans Nielsen in Coyotes zone.
4:07 of 2nd period - Nathan Dempsey is hit by Anton Stralman and loses puck.
4:53 of 2nd period - Snap shot by Sami Kapanen.
4:53 of 2nd period - Stopped by Jonathan Bernier without a rebound.
4:54 of 2nd period - Joe Sakic wins face-off versus Erik Christensen in Kings zone.
4:59 of 2nd period - Kurt Sauer is hit by Joe Sakic and loses puck.
5:10 of 2nd period - Snap shot by Sami Kapanen.
5:10 of 2nd period - Shot Blocked by Kristopher Letang.
5:16 of 2nd period - Minor Penalty to Joe Sakic for Roughing.
5:17 of 2nd period - Anze Kopitar wins face-off versus Tim Connolly in Kings zone.
5:28 of 2nd period - Wrist shot by Tyler Ennis.
5:28 of 2nd period - Stopped by Jonathan Bernier without a rebound.
5:29 of 2nd period - Tyler Ennis wins face-off versus Anze Kopitar in Kings zone.
5:30 of 2nd period - Wrist shot by Marian Gaborik.
5:30 of 2nd period - Stopped by Jonathan Bernier without a rebound.
5:31 of 2nd period - Anze Kopitar wins face-off versus Tim Connolly in Kings zone.
7:16 of 2nd period - Penalty to Joe Sakic is over, Joe Sakic is back on ice.
7:33 of 2nd period - Backhand shot by Drew Miller.
7:33 of 2nd period - Stopped by Jonathan Bernier with a rebound.
7:59 of 2nd period - Andy Sutton is hit by Patric Hornqvist.
8:32 of 2nd period - Snap shot by Anze Kopitar.
8:32 of 2nd period - Stopped by Ryan Miller without a rebound.
8:33 of 2nd period - Brandon Dubinsky wins face-off versus Frans Nielsen in Coyotes zone.
8:34 of 2nd period - Snap shot by Jordan Eberle.
8:34 of 2nd period - Stopped by Ryan Miller with a rebound.
10:35 of 2nd period - Adrian Aucoin is hit by Tyler Kennedy and loses puck.
10:45 of 2nd period - Icing by Tyler Kennedy.
10:46 of 2nd period - Boyd Devereaux wins face-off versus Frans Nielsen in Kings zone.
11:23 of 2nd period - Wrist shot by Tyler Kennedy.
11:23 of 2nd period - Stopped by Ryan Miller with a rebound.
11:25 of 2nd period - Slapshot by Oliver Ekman-Larsson.
11:25 of 2nd period - Stopped by Ryan Miller without a rebound.
11:26 of 2nd period - Tim Connolly wins face-off versus Anze Kopitar in Coyotes zone.
11:53 of 2nd period - Chris Stewart is hit by Joe Sakic and loses puck.
12:16 of 2nd period - Slapshot by Denis Grebeshkov.
12:16 of 2nd period - Stopped by Jonathan Bernier without a rebound.
12:17 of 2nd period - Erik Christensen wins face-off versus Brandon Dubinsky in Kings zone.
12:20 of 2nd period - Wrist shot by Erik Christensen.
12:20 of 2nd period - Shot Misses the Net.
12:35 of 2nd period - Icing by Marc-Édouard Vlasic.
12:36 of 2nd period - Marian Gaborik wins face-off versus Brandon Dubinsky in Kings zone.
14:07 of 2nd period - Kristopher Letang is hit by Denis Grebeshkov and loses puck.
15:09 of 2nd period - Snap shot by Mikkel Boedker.
15:09 of 2nd period - Shot Misses the Net.
15:11 of 2nd period - Slapshot by Mikkel Boedker.
15:11 of 2nd period - Stopped by Ryan Miller without a rebound.
15:12 of 2nd period - Tim Connolly wins face-off versus Brandon Dubinsky in Coyotes zone.
15:17 of 2nd period - Wrist shot by Jonas Hoglund.
15:17 of 2nd period - Deflect By Brandon Dubinsky.
15:17 of 2nd period - Stopped by Ryan Miller without a rebound.
15:18 of 2nd period - Brandon Dubinsky wins face-off versus Marian Gaborik in Coyotes zone.
15:21 of 2nd period - Snap shot by Brandon Dubinsky.
15:21 of 2nd period - Stopped by Ryan Miller with a rebound.
15:23 of 2nd period - Snap shot by Brandon Dubinsky.
15:23 of 2nd period - Deflect By Jamie Benn.
15:23 of 2nd period - Shot Misses the Net.
15:23 of 2nd period - Puck is out of play.
15:24 of 2nd period - Anze Kopitar wins face-off versus Tim Connolly in Coyotes zone.
15:29 of 2nd period - Slapshot by Patric Hornqvist.
15:29 of 2nd period - Stopped by Ryan Miller without a rebound.
15:30 of 2nd period - Tim Connolly wins face-off versus Anze Kopitar in Coyotes zone.
15:35 of 2nd period - Wrist shot by Adrian Aucoin.
15:35 of 2nd period - Shot Blocked by Patric Hornqvist.
15:37 of 2nd period - Slapshot by Anton Stralman.
15:37 of 2nd period - Shot Blocked by Anze Kopitar.
15:39 of 2nd period - Slapshot by Tim Connolly.
15:39 of 2nd period - Stopped by Jonathan Bernier with a rebound.
15:41 of 2nd period - Slapshot by Marian Gaborik.
15:41 of 2nd period - Stopped by Jonathan Bernier with a rebound.
15:47 of 2nd period - Snap shot by Marian Gaborik.
15:47 of 2nd period - Shot Misses the Net.
15:53 of 2nd period - Minor Penalty to Nathan Dempsey for Holding.
15:54 of 2nd period - Tim Connolly wins face-off versus Joe Sakic in Kings zone.
15:55 of 2nd period - Snap shot by Marian Gaborik.
15:55 of 2nd period - Deflect By Tyler Ennis.
15:55 of 2nd period - Stopped by Jonathan Bernier with a rebound.
16:09 of 2nd period - Jonas Hoglund is hit by Marian Gaborik and loses puck.
17:53 of 2nd period - Penalty to Nathan Dempsey is over, Nathan Dempsey is back on ice.
Goals for this period are 1 for Coyotes vs 0 for Kings.
Shots for this period are 12 for Coyotes vs 9 for Kings.
3rd period
0:01 of 3rd period - Anze Kopitar wins face-off versus Tim Connolly in neutral zone.
0:06 of 3rd period - Backhand shot by Patric Hornqvist.
0:06 of 3rd period - Stopped by Ryan Miller without a rebound.
0:07 of 3rd period - Milan Michalek wins face-off versus Tim Connolly in Coyotes zone.
0:18 of 3rd period - Wrist shot by Anze Kopitar.
0:18 of 3rd period - Shot Misses the Net.
0:20 of 3rd period - Slapshot by Kristopher Letang.
0:20 of 3rd period - Shot Misses the Net.
0:22 of 3rd period - Snap shot by Anze Kopitar.
0:22 of 3rd period - Deflect By Marian Gaborik.
0:22 of 3rd period - Shot Misses the Net.
0:22 of 3rd period - Puck is out of play.
0:23 of 3rd period - Joe Sakic wins face-off versus Frans Nielsen in Coyotes zone.
0:36 of 3rd period - Wrist shot by Tyler Ennis.
0:36 of 3rd period - Deflect By Chad Larose.
0:36 of 3rd period - Shot Misses the Net.
0:36 of 3rd period - Puck is out of play.
0:37 of 3rd period - Tim Connolly wins face-off versus Anze Kopitar in Kings zone.
0:43 of 3rd period - Off-side.
0:44 of 3rd period - Tim Connolly wins face-off versus Milan Michalek in neutral zone.
0:49 of 3rd period - Snap shot by Tim Connolly.
0:49 of 3rd period - Stopped by Jonathan Bernier without a rebound.
0:50 of 3rd period - Tim Connolly wins face-off versus Anze Kopitar in Kings zone.
0:51 of 3rd period - Snap shot by Marian Gaborik.
0:51 of 3rd period - Shot Misses the Net.
1:01 of 3rd period - Wrist shot by Patric Hornqvist.
1:01 of 3rd period - Stopped by Ryan Miller with a rebound.
1:03 of 3rd period - Slapshot by Kristopher Letang.
1:03 of 3rd period - Stopped by Ryan Miller with a rebound.
1:05 of 3rd period - Slapshot by Oliver Ekman-Larsson.
1:05 of 3rd period - Shot Blocked by Drew Miller.
1:07 of 3rd period - Slapshot by Anze Kopitar.
1:07 of 3rd period - Stopped by Ryan Miller with a rebound.
2:25 of 3rd period - Snap shot by Patric Hornqvist.
2:25 of 3rd period - Stopped by Ryan Miller with a rebound.
2:31 of 3rd period - Snap shot by Anze Kopitar.
2:31 of 3rd period - Shot Misses the Net.
2:33 of 3rd period - Minor Penalty to Anton Stralman for Hooking.
2:34 of 3rd period - Anze Kopitar wins face-off versus Drew Miller in Coyotes zone.
2:45 of 3rd period - Slapshot by Mikkel Boedker.
2:45 of 3rd period - Shot Blocked by Chad Larose.
2:47 of 3rd period - Slapshot by Kristopher Letang.
2:47 of 3rd period - Shot Misses the Net.
2:49 of 3rd period - Slapshot by Oliver Ekman-Larsson.
2:49 of 3rd period - Stopped by Ryan Miller with a rebound.
3:05 of 3rd period - Slapshot by Milan Michalek.
3:05 of 3rd period - Stopped by Ryan Miller with a rebound.
3:07 of 3rd period - Slapshot by Oliver Ekman-Larsson.
3:07 of 3rd period - Stopped by Ryan Miller without a rebound.
3:08 of 3rd period - Anze Kopitar wins face-off versus Frans Nielsen in Coyotes zone.
3:19 of 3rd period - Wrist shot by Mikkel Boedker.
3:19 of 3rd period - Shot Misses the Net.
3:21 of 3rd period - Slapshot by Mikkel Boedker.
3:21 of 3rd period - Stopped by Ryan Miller with a rebound.
3:33 of 3rd period - Frans Nielsen is hit by Milan Michalek and loses puck.
4:33 of 3rd period - Penalty to Anton Stralman is over, Anton Stralman is back on ice.
4:42 of 3rd period - Slapshot by Tyler Kennedy.
4:42 of 3rd period - Stopped by Ryan Miller without a rebound.
4:43 of 3rd period - Boyd Devereaux wins face-off versus Saku Koivu in Coyotes zone.
4:44 of 3rd period - Slapshot by Tyler Kennedy.
4:44 of 3rd period - Stopped by Ryan Miller with a rebound.
4:46 of 3rd period - Slapshot by Kristopher Letang.
4:46 of 3rd period - Stopped by Ryan Miller with a rebound.
4:48 of 3rd period - Wrist shot by Oliver Ekman-Larsson.
4:48 of 3rd period - Shot Misses the Net.
4:50 of 3rd period - Snap shot by Kristopher Letang.
4:50 of 3rd period - Shot Blocked by Erik Cole.
4:52 of 3rd period - Backhand shot by Tyler Kennedy.
4:52 of 3rd period - Stopped by Ryan Miller without a rebound.
4:53 of 3rd period - Tim Connolly wins face-off versus Anze Kopitar in Coyotes zone.
4:53 of 3rd period - Tim Connolly is hit by Anze Kopitar.
5:07 of 3rd period - Snap shot by Drew Miller.
5:07 of 3rd period - Deflect By Marian Gaborik.
5:07 of 3rd period - Shot Misses the Net.
5:07 of 3rd period - Puck is out of play.
5:08 of 3rd period - Chad Larose wins face-off versus Joe Sakic in Kings zone.
5:11 of 3rd period - Slapshot by Frans Nielsen.
5:11 of 3rd period - Shot Misses the Net.
5:17 of 3rd period - Snap shot by Frans Nielsen.
5:17 of 3rd period - Shot Hit the Post.
5:54 of 3rd period - Minor Penalty to Anton Stralman for Roughing.
5:55 of 3rd period - Drew Miller wins face-off versus Milan Michalek in Coyotes zone.
6:21 of 3rd period - Andy Sutton is hit by Mikkel Boedker and loses puck.
6:38 of 3rd period - Slapshot by Kurt Sauer.
6:38 of 3rd period - Deflect By Erik Cole.
6:38 of 3rd period - Stopped by Jonathan Bernier with a rebound.
6:46 of 3rd period - Wrist shot by Frans Nielsen.
6:46 of 3rd period - Stopped by Jonathan Bernier with a rebound.
6:48 of 3rd period - Slapshot by Kurt Sauer.
6:48 of 3rd period - Stopped by Jonathan Bernier without a rebound.
6:49 of 3rd period - Frans Nielsen wins face-off versus Milan Michalek in Kings zone.
7:08 of 3rd period - Denis Grebeshkov is hit by Oliver Ekman-Larsson and loses puck.
7:54 of 3rd period - Penalty to Anton Stralman is over, Anton Stralman is back on ice.
8:41 of 3rd period - Erik Christensen is hit by Boyd Devereaux and loses puck.
9:04 of 3rd period - Snap shot by Anton Stralman.
9:04 of 3rd period - Stopped by Jonathan Bernier without a rebound.
9:05 of 3rd period - Anze Kopitar wins face-off versus Tim Connolly in Kings zone.
9:09 of 3rd period - Oliver Ekman-Larsson is hit by Tim Connolly and loses puck.
9:32 of 3rd period - Chad Larose is hit by Oliver Ekman-Larsson and loses puck.
9:37 of 3rd period - Snap shot by Mikkel Boedker.
9:37 of 3rd period - Stopped by Ryan Miller with a rebound.
9:41 of 3rd period - Snap shot by Jordan Eberle.
9:41 of 3rd period - Shot Misses the Net.
9:45 of 3rd period - Snap shot by Joe Sakic.
9:45 of 3rd period - Shot Hit the Post.
10:15 of 3rd period - Marian Gaborik is hit by Marc-Édouard Vlasic.
10:33 of 3rd period - Anton Stralman is hit by Jamie Benn and loses puck.
10:44 of 3rd period - Patric Hornqvist is hit by Erik Cole and loses puck.
11:01 of 3rd period - Sergei Gonchar is hit by Joe Sakic and loses puck.
11:29 of 3rd period - Nathan Dempsey is hit by Shawn Thornton and loses puck.
11:55 of 3rd period - Oliver Ekman-Larsson is hit by Frans Nielsen and loses puck.
12:47 of 3rd period - Minor Penalty to Anze Kopitar for High sticking.
12:48 of 3rd period - Joe Sakic wins face-off versus Saku Koivu in Kings zone.
12:58 of 3rd period - Off-side.
12:59 of 3rd period - Joe Sakic wins face-off versus Tim Connolly in neutral zone.
13:51 of 3rd period - Wrist shot by Chris Stewart.
13:51 of 3rd period - Shot Blocked by Kristopher Letang.
13:59 of 3rd period - Snap shot by Saku Koivu.
13:59 of 3rd period - Shot Misses the Net.
14:07 of 3rd period - Slapshot by Erik Christensen.
14:07 of 3rd period - Goal by Erik Christensen - Coyotes : 2 - Kings : 0.
14:08 of 3rd period - Anze Kopitar wins face-off versus Tim Connolly in neutral zone.
14:19 of 3rd period - Slapshot by Denis Grebeshkov.
14:19 of 3rd period - Stopped by Jonathan Bernier without a rebound.
14:20 of 3rd period - Anze Kopitar wins face-off versus Tim Connolly in Kings zone.
14:20 of 3rd period - Anze Kopitar is hit by Marian Gaborik.
14:26 of 3rd period - Snap shot by Milan Michalek.
14:26 of 3rd period - Stopped by Ryan Miller without a rebound.
14:27 of 3rd period - Tim Connolly wins face-off versus Milan Michalek in Coyotes zone.
15:37 of 3rd period - Snap shot by Milan Michalek.
15:37 of 3rd period - Goal by Milan Michalek - Coyotes : 2 - Kings : 1.
15:38 of 3rd period - Saku Koivu wins face-off versus Brandon Dubinsky in neutral zone.
15:43 of 3rd period - Wrist shot by Erik Cole.
15:43 of 3rd period - Stopped by Jonathan Bernier without a rebound.
15:44 of 3rd period - Saku Koivu wins face-off versus Brandon Dubinsky in Kings zone.
15:57 of 3rd period - Snap shot by Jonas Hoglund.
15:57 of 3rd period - Goal by Jonas Hoglund - Coyotes : 2 - Kings : 2.
15:58 of 3rd period - Saku Koivu wins face-off versus Brandon Dubinsky in neutral zone.
16:00 of 3rd period - Minor Penalty to Saku Koivu for Roughing.
16:01 of 3rd period - Anze Kopitar wins face-off versus Drew Miller in Coyotes zone.
17:16 of 3rd period - Snap shot by Patric Hornqvist.
17:16 of 3rd period - Shot Misses the Net.
17:18 of 3rd period - Snap shot by Oliver Ekman-Larsson.
17:18 of 3rd period - Stopped by Ryan Miller without a rebound.
17:19 of 3rd period - Drew Miller wins face-off versus Anze Kopitar in Coyotes zone.
18:00 of 3rd period - Penalty to Saku Koivu is over, Saku Koivu is back on ice.
18:18 of 3rd period - Joe Sakic is hit by Tim Connolly and loses puck.
18:33 of 3rd period - Mikkel Boedker is hit by Adrian Aucoin and loses puck.
18:42 of 3rd period - Slapshot by Erik Christensen.
18:42 of 3rd period - Shot Misses the Net.
18:57 of 3rd period - Patric Hornqvist is hit by Saku Koivu and loses puck.
Goals for this period are 1 for Coyotes vs 2 for Kings.
Shots for this period are 8 for Coyotes vs 18 for Kings.
Overtime #1
0:01 of 1st overtime period - Tim Connolly wins face-off versus Anze Kopitar in neutral zone.
0:07 of 1st overtime period - Icing by Kristopher Letang.
0:08 of 1st overtime period - Anze Kopitar wins face-off versus Tim Connolly in Kings zone.
0:32 of 1st overtime period - Slapshot by Nathan Dempsey.
0:32 of 1st overtime period - Stopped by Ryan Miller without a rebound.
0:33 of 1st overtime period - Anze Kopitar wins face-off versus Frans Nielsen in Coyotes zone.
1:59 of 1st overtime period - Tim Connolly is hit by Patric Hornqvist and loses puck.
2:10 of 1st overtime period - Slapshot by Joe Sakic.
2:10 of 1st overtime period - Goal by Joe Sakic - Coyotes : 2 - Kings : 3.
Goals for this period are 0 for Coyotes vs 1 for Kings.
Shots for this period are 0 for Coyotes vs 2 for Kings.
Output by the SimonT Hockey Simulator (STHS) for François Prévost -- Original Page W3C XHTML 1.0 Valid